 Dungeon Crawl Stone Soup version 0.31-a0-133-gaae73658be (webtiles) character file.

Game seed: 3898188452783774071

4 timneilson the Shield-Bearer (level 1, -1/14 HPs)
             Began as a Gargoyle Fighter on June 2, 2023.
             Killed from afar by a dart slug (4 damage)
             ... with a slug dart
             ... on level 1 of the Dungeon.
             The game lasted 00:00:16 (93 turns).

timneilson the Shield-Bearer (Gargoyle Fighter)       Turns: 93, Time: 00:00:17

Health: -1/14      AC:  9    Str: 19    XL:     1   Next: 70%
Magic:  1/1        EV:  9    Int:  8    God:
Gold:   0          SH:  4    Dex:  9    Spells: 0/0 levels left

rFire   . . .        a - +0 long sword
rCold   . . .        c - +0 buckler
rNeg    + . .        b - +0 scale mail
rPois   ∞            (no helmet)
rElec   +            (no cloak)
rCorr   .            (no gloves)
SInv    .            (no boots)
Will    .....        (no amulet) Stlth
                     (no ring)
HPRegen 0.22/turn    (no ring)
MPRegen 0.07/turn

%: no passive effects
@: no status effects
A: sickness immunity, AC +2, negative energy resistance 1, electricity
resistance, torment resistance 1, petrification resistance
a: no special abilities


You were on level 1 of the Dungeon.
You visited 1 branch of the dungeon, and saw 1 of its levels.

Inventory:

Hand Weapons
 a - a +0 long sword (weapon)
Armour
 b - a +0 scale mail (worn)
 c - a +0 buckler (worn)
Potions
 d - a potion of might
 e - a potion of haste {unknown}


   Skills:
 + Level 3.3 Fighting
 * Level 1.9 Long Blades
 * Level 3.3 Armour
 + Level 0.1 Dodging
 * Level 3.3 Shields


You couldn't memorise any spells.
You didn't know any spells.
Your spell library was empty.

Dungeon Overview and Level Annotations

Branches:
Dungeon (1/15)

Altars:


Innate Abilities, Weirdness & Mutations

You are immune to sickness and miasma.
Your stone body is resilient. (AC +2)
You are immune to poison.
You resist negative energy. (rN+)
You are resistant to electric shocks. (rElec)
You are resistant to unholy torment.
You are immune to petrification.


Message History

Found a short sword.
You see here a giant cockroach corpse.
e - a metallic amethyst potion
Found a stone staircase leading down.
A bat comes into view.
The bat closely misses you. The bat barely misses you.
The bat closely misses you. You block the bat's attack.
You closely miss the bat. The bat hits you but does no damage.
An endoplasm and a dart slug come into view.
The endoplasm quivers.
The bat hits you but does no damage. You block the bat's attack.
You block the bat's attack.
You barely miss the bat. The bat hits you but does no damage.
The bat misses you.
You completely miss the bat. The bat hits you.
You slash the bat!
You kill the bat!
The endoplasm freezes you.
You are frozen.
You hit the dart slug.
The dart slug is lightly wounded.
The endoplasm hits you. The dart slug launches a dart at you.
The slug dart hits you but does no damage.
The endoplasm freezes you.
You are frozen.
The endoplasm attacks as you move away! The endoplasm closely misses you.
The dart slug launches a dart at you.
The slug dart hits you but does no damage.
You hit the endoplasm.
The endoplasm is lightly wounded.
The endoplasm freezes you.
You are frozen.
* * * LOW HITPOINT WARNING * * *
You slash the endoplasm!
You kill the endoplasm!
The dart slug launches a dart at you. The slug dart hits you.
You die...

### ### ### #### #.#
#.####.####..#
#######.###.............
.................####..#
#######.###..#..........
........................
#######.###......##.#...
#@##..............
#.##..............
#w##.......##.####
##.................
#.......##.. ......
......#......# ...##
......#.>........ .. ..
.................# # ###
......#..#.......# ##


You could see a dart slug.

Vanquished Creatures
  2 bats (D:1)
  An endoplasm (D:1)
  A giant cockroach (D:1)
  A goblin (D:1)
5 creatures vanquished.

Notes
Turn   | Place    | Note
-------+----------+-------------------------------------------
     0 | D:1      | timneilson the Gargoyle Fighter began the quest for the
                  | Orb.
     0 | D:1      | Reached XP level 1. HP: 14/14 MP: 1/1
    93 | D:1      | Killed from afar by a dart slug

Illustrated notes

Levels and vault maps discovered:
D:1:      sevenhm_arrival_forest_fort_small_4, layout_basic

Action                     || total
---------------------------++-------
  Melee: Long sword        ||    27
 Armour: Scale mail        ||    31
  Dodge: Dodged            ||    15
  Block: Buckler           ||     7

Table legend: (Time is in decaauts)
 A = Elapsed time spent in this place.
 B = Non-inter-level travel time spent in this place.
 C = Inter-level travel time spent in this place.
 D = Time resting spent in this place.
 E = Time spent auto-exploring this place.
 F = Levels seen in this place.
 G = Mean time per level.
                   A        B        C        D        E       F      G
               +--------+--------+--------+--------+--------+-----+--------+
         Total |    105 |    105 |      0 |      0 |     41 |   1 |  105.0 |
       Dungeon |    105 |    105 |      0 |      0 |     41 |   1 |  105.0 |
               +--------+--------+--------+--------+--------+-----+--------+

Top non-repeatable levels by time:
     D:1: 105 daAuts
